 Dungeon Crawl Stone Soup version 0.26.1-11-gd32895ea62 (webtiles) character file.

Game seed: 4342083266591677440

106 nothank2 the Cudgeller (level 4, -8/28 HPs)
             Began as a Gargoyle Fighter on July 11, 2021.
             Mangled by an orc warrior
             ... wielding a +0 trident
              (15 damage)
             ... on level 2 of the Dungeon.
             The game lasted 00:02:46 (1779 turns).

nothank2 the Cudgeller (Gargoyle Fighter)           Turns: 1779, Time: 00:02:47

Health: -8/28      AC: 10    Str: 21    XL:     4   Next: 84%
Magic:  4/4        EV:  7    Int:  8    God:
Gold:   88         SH:  9    Dex:  9    Spells: 3/3 levels left

rFire    + . .     SeeInvis .   a - +0 flail
rCold    . . .     Faith    .   c - +0 kite shield
rNeg     + . .     Spirit   .   b - +0 scale mail
rPois    ∞         Reflect  .   (no helmet)
rElec    +         Harm     .   (no cloak)
rCorr    .         Rampage  .   (no gloves)
Will     .....                  (no boots)
Stlth    +.........             (no amulet)
HPRegen  0.09/turn              n - ring of stealth
MPRegen  0.09/turn              s - ring of protection from fire

@: no status effects
A: negative energy resistance 1, electricity resistance, unbreathing,
petrification resistance, miasma immunity, AC +3
a: no special abilities


You were on level 2 of the Dungeon.
You visited 1 branch of the dungeon, and saw 2 of its levels.

You collected 88 gold pieces.

Inventory:

Hand Weapons
 a - a +0 flail (weapon)
Missiles
 r - 6 boomerangs (quivered)
Armour
 b - a +0 scale mail (worn)
 c - a +0 kite shield (worn)
Jewellery
 n - a ring of stealth (left hand)
 s - a ring of protection from fire (right hand)
Scrolls
 e - a scroll of amnesia {unknown}
 g - a scroll of magic mapping {unknown}
 h - a scroll of random uselessness {unknown}
 k - 2 scrolls of fear {unknown}
 l - 2 scrolls of remove curse {unknown}
 p - 2 scrolls of identify {unknown}
Potions
 d - 2 potions of might
 f - a potion of attraction {unknown}
 i - 2 potions of lignification {unknown}
 j - a potion of brilliance {unknown}
 m - a potion of haste {unknown}
 o - a potion of curing {unknown}
 q - a potion of flight {unknown}


   Skills:
 - Level 3.2 Fighting
 + Level 4.9 Maces & Flails
 - Level 3.2 Armour
 - Level 3.2 Shields


You had 3 spell levels left.
You didn't know any spells.
Your spell library was empty.

Dungeon Overview and Level Annotations

Branches:
Dungeon (2/15)

Altars:


Innate Abilities, Weirdness & Mutations

You are resistant to torment.
Your stone body is resilient. (AC +3)
You are immune to poison.
You resist negative energy. (rN+)
You are resistant to electric shocks. (rElec)
You can survive without breathing.
You are immune to petrification.
You are immune to miasma.


Message History

The orc warrior is severely wounded.
The orc warrior hits you with a +0 trident!
* * * LOW HITPOINT WARNING * * *
You are too injured to fight recklessly!
You are too injured to fight recklessly!
You are too injured to fight recklessly!
You are too injured to fight recklessly!
You are too injured to fight recklessly!
You are too injured to fight recklessly!
You barely miss the orc warrior.
The orc warrior is severely wounded.
You block the orc warrior's attack.
You barely miss the orc warrior.
The orc warrior is severely wounded.
You block the orc warrior's attack.
You hit the orc warrior but do no damage.
The orc warrior is severely wounded.
The orc warrior hits you with a +0 trident!
Ouch! That really hurt!
You die...

##..#####.#.# #.#
........#.#.# #.#
###..##.#.#.# #.#
...#.##.#.#.# #.#
...#....#.#.# #.#
####..###.#.# #.#
..........#.# #.#
####..###.#.# #.#
............# #@#
.#.#...##.### #o#
.#.#.#.##.# #o#
.###.#.##.# #.#
.....#..#.######..
...............###
###............#
#............#
#............#


You could see an orc warrior and an orc priest.

Vanquished Creatures
  Jessica (D:2)
  4 adders (D:2)
  2 worms (D:2)
  A dart slug (D:1)
  A leopard gecko (D:1)
  A giant cockroach (D:2)
  6 goblins
  3 hobgoblins
  3 jackals (D:2)
  5 bats
  2 frilled lizards
  5 kobolds
  5 rats
39 creatures vanquished.

Notes
Turn   | Place    | Note
-------+----------+-------------------------------------------
     0 | D:1      | nothank2 the Gargoyle Fighter began the quest for the Orb.
     0 | D:1      | Reached XP level 1. HP: 14/14 MP: 1/1
   163 | D:1      | Reached XP level 2. HP: 19/19 MP: 2/2
   355 | D:1      | Reached skill level 3 in Maces & Flails
   782 | D:2      | Reached XP level 3. HP: 19/23 MP: 3/3
   969 | D:2      | Noticed Jessica
   977 | D:2      | Killed Jessica
   978 | D:2      | Reached skill level 4 in Maces & Flails
   978 | D:2      | Reached XP level 4. HP: 10/28 MP: 4/4
  1771 | D:2      | Noticed an orc warrior
  1779 | D:2      | Mangled by an orc warrior

Illustrated notes

Levels and vault maps discovered:
D:1:      co_arrival_square_in_a_square_in_a_square, layout_loops_ring
D:2:      layout_basic, glass_columns_a, uniq_jessica

Skill      XL: |  1  2  3 |
---------------+----------+-----
Maces & Flails | 3 4 |  4.9
Fighting       | |  3.2
Armour         | |  3.2
Shields        | |  3.2

Action                   |  1- 3 |  4- 6 || total
-------------------------+-------+-------++-------
Melee: Flail             |    94 |    54 ||   148
Armor: Scale mail        |    69 |    26 ||    95
Dodge: Dodged            |    24 |    23 ||    47
Block: Kite shield       |    47 |    38 ||    85
